 Dungeon Crawl Stone Soup version 0.27-a0-103-g6cd7b45605 (webtiles) character file.

Game seed: 12445144010518832665

62558 Murumi the Thrower (level 15, -3/153 HPs)
             Began as an Ogre Conjurer on Jan 22, 2021.
             Was the Champion of Okawaru.
             Slain by an orc warrior
             ... wielding a +0 trident
             ... led by an orc knight
              (9 damage)
             ... on level 1 of the Orcish Mines on Jan 23, 2021.
             The game lasted 02:15:47 (28751 turns).

Murumi the Thrower (Ogre Conjurer)                 Turns: 28751, Time: 02:15:48

Health: -3/153     AC: 24    Str: 31    XL:     15   Next: 6%
Magic:  17/19      EV:  8    Int: 27    God:    Okawaru [******]
Gold:   1561       SH:  0    Dex: 12    Spells: 17/20 levels left

rFire    + . .     SeeInvis .   l - +1 whip (freeze)
rCold    + . .     Faith    .   (no shield)
rNeg     . . .     Spirit   .   Q - +1 gold dragon scales
rPois    +         Reflect  .   P - +2 hat of Jefuek {Int+7}
rElec    .         Harm     .   g - +2 cloak {rCorr}
rCorr    +         Rampage  .   (gloves unavailable)
Will     +....                  (boots unavailable)
Stlth    ..........             y - amulet "Hokiar" {Regen+ Dex+5}
HPRegen  0.75/turn              C - +6 ring of strength
MPRegen  0.16/turn              R - +6 ring of strength

@: heroism
A: large, unfitting armour, tough skin 1
a: Renounce Religion, Heroism, Finesse


You were on level 1 of the Orcish Mines.
You worshipped Okawaru.
Okawaru was exalted by your worship.
You visited 3 branches of the dungeon, and saw 19 of its levels.
You also visited: Sewer and Ossuary.

You collected 2041 gold pieces.
You spent 480 gold pieces at shops.

Inventory:

Hand Weapons
 l - a +1 whip of freezing (weapon)
 t - a +0 whip of electrocution
 D - a +0 giant spiked club of flaming
Missiles
 a - 24 curare-tipped darts
 i - 82 poisoned darts
 k - 337 stones (quivered)
 r - 30 boomerangs
 v - 7 atropa-tipped darts
 G - 31 large rocks
 I - 19 javelins
Armour
 g - a +2 cloak of preservation (worn)
 P - the +2 hat of Jefuek (worn) {Int+7}
   (Okawaru gifted it to you on level 5 of the Lair of Beasts)

   It affects your intelligence (+7).
 Q - +1 gold dragon scales (worn)
Jewellery
 b - an uncursed ring of ice
 y - the amulet "Hokiar" (around neck) {Regen+ Dex+5}
   (You found it on level 4 of the Dungeon)

   [amulet of regeneration]

   It affects your dexterity (+5).
   It increases your rate of regeneration.
 C - a +6 ring of strength (left hand)
 R - a +6 ring of strength (right hand)
Wands
 m - a wand of acid (26)
 u - a wand of flame (61)
 E - a wand of polymorph (5)
 L - a wand of enslavement (6)
 M - a wand of iceblast (14)
 N - a wand of disintegration (12)
 S - a wand of paralysis (8)
 U - a wand of digging (5)
Scrolls
 h - a scroll of fear
 n - 9 scrolls of remove curse
 q - 4 scrolls of blinking
 s - a scroll of fog
 x - 6 scrolls of teleportation
 H - 10 scrolls of identify
 T - a scroll of holy word
 V - a scroll of magic mapping
Potions
 c - 6 potions of flight
 d - 3 potions of cancellation
 e - 9 potions of curing
 f - a potion of resistance
 j - 5 potions of berserk rage
 o - 7 potions of mutation
 p - a potion of invisibility
 w - 3 potions of might
 z - 5 potions of attraction
 A - 3 potions of brilliance
 B - 2 potions of haste
 F - 3 potions of heal wounds
 O - 2 potions of magic
Miscellaneous
 J - a tin of tremorstones (2/2)
 K - a condenser vane


   Skills:
 - Level 11.0(16.0) Fighting
 - Level 12.0(17.0) Maces & Flails
 - Level 13.0(18.0) Throwing
 - Level 5.0(10.0) Armour
 - Level 6.0(11.0) Dodging
 + Level 10.8(15.8) Stealth
 - Level 3.0 Spellcasting
 - Level 4.0 Conjurations
 - Level 5.0 Invocations
 - Level 3.0 Evocations


You had 17 spell levels left.
You knew the following spells:

 Your Spells              Type           Power        Failure   Level
a - Magic Dart            Conj           100%         36%         1
b - Searing Ray           Conj           50%          50%         2

Your spell library contained the following spells:

 Spells                   Type           Power        Failure   Level
 Corona                   Hex            4%           89%         1
 Freeze                   Ice            16%          89%         1
 Conjure Flame            Conj/Fire      14%          95%         3
 Dazzling Flash           Conj/Hex       28%          95%         3
 Blink                    Tloc           N/A          96%         2
 Call Imp                 Summ           4%           96%         2
 Slow                     Hex            4%           96%         2
 Sublimation of Blood     Necr           2%           96%         2
 Mephitic Cloud           Conj/Pois/Air  11%          98%         3
 Frozen Ramparts          Ice            8%           99%         3
 Ignite Poison            Fire/Tmut/Pois 4%           99%         3
 Inner Flame              Hex/Fire       4%           99%         3
 Ozocubu's Armour         Ice            4%           99%         3
 Portal Projectile        Hex/Tloc       8%           99%         3
 Cause Fear               Hex            2%           100%        4
 Fulminant Prism          Conj/Hex       7%           100%        4
 Hailstorm                Conj/Ice       14%          100%        4
 Iskenderun's Mystic Bla  Conj/Tloc      14%          100%        4
 Leda's Liquefaction      Hex/Erth       2%           100%        4
 Petrify                  Tmut/Erth      4%           100%        4
 Summon Ice Beast         Ice/Summ       4%           100%        4
 Alistair's Intoxication  Tmut/Pois      2%           100%        5
 Bolt of Magma            Conj/Fire/Erth 5%           100%        5
 Irradiate                Conj/Tmut      7%           100%        5
 Eringya's Noxious Bog    Tmut/Pois      2%           100%        6
 Hydra Form               Tmut           2%           100%        6
 Iron Shot                Conj/Erth      7%           100%        6
 Statue Form              Tmut/Erth      2%           100%        6
 Dragon Form              Tmut           2%           100%        7
 Shatter                  Erth           2%           100%        9


Dungeon Overview and Level Annotations

Branches:
Dungeon (11/15)            Temple (0/1) D:7            Lair (6/6) D:10
  Swamp (0/4) Lair:3       Spider (0/4) Lair:2        Slime (0/5) Lair:6
    Orc (2/2) D:11          Sewer (visited)         Ossuary (visited)
    Elf: Orc:2

Altars:
Nemelex Xobeh
Okawaru
Qazlal
Sif Muna
Uskayaw
Jiyva

Shops:
D:10 }

Annotations:
Orc:2 1 runed translucent door, exclusion: orange crystal statue


Innate Abilities, Weirdness & Mutations

You are too large for most types of armour.
You have tough skin. (AC +1)


Message History

You kill the orc knight!
Okawaru accepts your kill.
The orc warrior hits you from afar with a +0 trident.
You whack the orc warrior! You freeze the orc warrior.
The orc warrior is severely wounded.
The orc warrior hits you with a +0 short sword!
* * * LOW HITPOINT WARNING * * *
The orc warrior hits you with a +0 trident!
* * * LOW HITPOINT WARNING * * *
The orc warrior hits you with a +0 short sword.
* * * LOW HITPOINT WARNING * * *
You hit the orc warrior. You freeze the orc warrior.
The orc warrior is severely wounded.
The orc warrior hits you with a +0 trident!!
* * * LOW HITPOINT WARNING * * *
You feel much better.
The orc warrior hits you with a +0 short sword!
* * * LOW HITPOINT WARNING * * *
The orc warrior hits you with a +0 trident!
You die...

#...##.^.)#.#...# ...
##.........#)...##...##
##...................#
###...#............##
#..................#
#.................##
#.........>...........#
##.##.#..............#
#.. ##.........@.....#
## #.........)oo..$##
#............(..##
....##........(..#
..#..........(..#
...........((..#
............(.##
..............


You could see 2 orc warriors.

Vanquished Creatures
  Nessos (Lair:5)
  Harold (D:11)
  7 hydras
  Erica (D:8)
  A catoblepas (Lair:2)
  4 two-headed ogres
  Sonja (Lair:1)
  An orc high priest (Orc:1)
  A wizard (D:9)
  2 unseen horrors
  A flayed ghost (D:11)
  Pikel (D:7)
  3 orc knights (Orc:1)
  2 manticores (D:11)
  3 cyclopes (D:11)
  2 orc sorcerers (Orc:1)
  3 oklob plants (Lair:3)
  Maurice (D:11)
  9 elephants
  A centaur zombie (D:10)
  5 black mambas
  4 cane toads
  2 torpor snails
  Maggie (D:8)
  6 rime drakes
  9 komodo dragons
  A kobold demonologist (D:9)
  A jumping spider (Lair:2)
  5 trolls
  7 polar bears
  6 hornets
  Prince Ribbit (D:8)
  2 dream sheep
  Sigmund (D:6)
  3 redbacks (Lair:2)
  15 spriggans
  A shadow (D:11)
  3 wyverns
  62 yaks
  Grum (Lair:1)
  Eustachio (D:6)
  3 basilisks
  A vampire mosquito (D:11)
  3 wargs
  Menkaure (D:4)
  A soldier ant (D:11)
  14 water moccasins
  Duvessa (D:6)
  2 ice beasts
  16 orc warriors
  A phantom (D:9)
  2 sky beasts
  4 black bears
  A necrophage (D:7)
  4 boggarts (Lair:6)
  A tengu (shapeshifter) (D:11)
  15 ogres
  35 wolves
  8 centaurs
  A lemure (D:7)
  13 big kobolds
  Blork the orc (D:4)
  9 bullfrogs
  A wyvern skeleton (D:10)
  Dowan (D:6)
  8 scorpions
  8 wights
  4 howler monkeys
  5 electric eels
  A lava snake (Lair:4)
  2 bullfrog zombies (D:11)
  A human zombie (Ossuary)
  18 orc priests
  3 jellies
  Crazy Yiuf (D:2)
  5 hounds
  24 orc wizards
  2 bullfrog skeletons
  Ijyb (D:3)
  4 iguanas
  6 worker ants
  A killer bee zombie (D:7)
  2 big kobold zombies (Ossuary)
  A hound skeleton (D:6)
  4 mummies (Ossuary)
  3 worker ant zombies
  14 adders
  A howler monkey skeleton (D:8)
  4 white imps
  2 ufetubi
  An ooze (D:4)
  An adder skeleton (D:6)
  2 worms
  2 dart slugs
  5 leopard geckos
  85 orcs
  2 ball pythons
  6 giant cockroaches
  A gnoll zombie (Ossuary)
  2 hobgoblins
  9 jackals
  7 quokkas
  5 bats
  2 frilled lizards (D:2)
  12 goblins
  2 goblin zombies (Ossuary)
  A hobgoblin zombie (Ossuary)
  A jackal zombie (D:7)
  30 kobolds
  A kobold zombie (Ossuary)
  A leopard gecko skeleton (D:8)
  2 leopard gecko zombies
  A quokka skeleton (D:5)
  5 rats
  A fire vortex (Lair:4)
634 creatures vanquished.

Vanquished Creatures (others)
  36 fungi
  61 plants
97 creatures vanquished.

Grand Total: 731 creatures vanquished

Notes
Turn   | Place    | Note
-------+----------+-------------------------------------------
     0 | D:1      | Murumi the Ogre Conjurer began the quest for the Orb.
     0 | D:1      | Reached XP level 1. HP: 16/16 MP: 3/3
   355 | D:1      | Reached XP level 2. HP: 24/24 MP: 2/5
   358 | D:1      | Learned a level 2 spell: Searing Ray
  1203 | D:2      | Reached XP level 3. HP: 31/31 MP: 3/7
  1451 | D:2      | Found a hide-covered altar of Uskayaw.
  1454 | D:2      | Reached skill level 1 in Throwing
  1493 | D:2      | Found an iron altar of Okawaru.
  1497 | D:2      | Became a worshipper of Warmaster Okawaru
  1631 | D:2      | Reached skill level 1 in Maces & Flails
  1631 | D:2      | Reached skill level 1 in Fighting
  1631 | D:2      | Reached XP level 4. HP: 41/41 MP: 3/8
  1915 | D:2      | Found a runed translucent door.
  1916 | D:2      | Noticed Crazy Yiuf
  1922 | D:2      | Killed Crazy Yiuf
  1923 | D:2      | Reached skill level 2 in Throwing
  2252 | D:3      | Found a glowing drain.
  2254 | D:3      | Reached XP level 5. HP: 48/48 MP: 6/9
  2328 | Sewer    | Entered a sewer
  2430 | Sewer    | Noticed a water moccasin
  2456 | Sewer    | Killed a water moccasin
  2457 | Sewer    | Reached skill level 1 in Invocations
  2457 | Sewer    | Reached skill level 3 in Throwing
  2457 | Sewer    | Reached XP level 6. HP: 57/57 MP: 5/10
  2765 | D:3      | Reached * piety under Okawaru
  3987 | D:3      | Noticed Ijyb
  3997 | D:3      | Killed Ijyb
  4672 | D:4      | Reached skill level 4 in Throwing
  4672 | D:4      | Reached XP level 7. HP: 67/67 MP: 6/11
  4736 | D:4      | Reached ** piety under Okawaru
  5312 | D:4      | Noticed Blork the orc
  5323 | D:4      | Killed Blork the orc
  5410 | D:4      | Noticed Menkaure
  5419 | D:4      | Killed Menkaure
  5420 | D:4      | Reached skill level 1 in Evocations
  5420 | D:4      | Reached XP level 8. HP: 78/78 MP: 12/12
  5455 | D:4      | Got a slimy zirconium amulet
  5575 | D:4      | Reached skill level 5 in Throwing
  5756 | D:4      | Identified the amulet "Hokiar" {Regen+ Dex+5} (You found it
                  | on level 4 of the Dungeon)
  5874 | D:5      | Entered Level 5 of the Dungeon
  6521 | D:5      | Reached *** piety under Okawaru
  6522 | D:5      | Reached skill level 5 in Maces & Flails
  6567 | D:5      | Found a sparkling altar of Nemelex Xobeh.
  6568 | D:5      | Found a shimmering blue altar of Sif Muna.
  6581 | D:5      | Found a stormy altar of Qazlal.
  6582 | D:5      | Noticed an air elemental
  6844 | D:5      | Noticed a water elemental
  6954 | D:6      | Noticed Eustachio
  6964 | D:6      | Killed Eustachio
  7149 | D:6      | Reached skill level 6 in Throwing
  7165 | D:6      | Reached skill level 5 in Fighting
  7247 | D:6      | Reached XP level 9. HP: 88/88 MP: 13/13
  7421 | D:6      | Noticed Dowan
  7432 | D:6      | Killed Dowan
  7467 | D:6      | Noticed Duvessa
  7479 | D:6      | Killed Duvessa
  7480 | D:6      | Reached skill level 7 in Throwing
  7937 | D:6      | Noticed Sigmund
  7945 | D:6      | Killed Sigmund
  8280 | D:7      | Found a staircase to the Ecumenical Temple.
  8286 | D:7      | Received a gift from Okawaru
  8343 | D:7      | Reached skill level 5 in Stealth
  8515 | D:7      | Noticed Pikel
  8530 | D:7      | Killed Pikel
  8678 | D:7      | Reached **** piety under Okawaru
  8805 | D:7      | Received a gift from Okawaru
  8812 | D:7      | Reached skill level 8 in Throwing
  9171 | D:7      | Reached XP level 10. HP: 92/98 MP: 9/14
  9385 | D:8      | Found a sand-covered staircase.
  9606 | Ossuary  | Entered an ossuary
 10680 | D:8      | Noticed a two-headed ogre
 10687 | D:8      | Killed a two-headed ogre
 10687 | D:8      | Noticed Erica
 10720 | D:8      | Killed Erica
 11017 | D:8      | Noticed Maggie
 11034 | D:8      | Killed Maggie
 11035 | D:8      | Reached skill level 9 in Throwing
 11129 | D:8      | Noticed a two-headed ogre
 11139 | D:8      | Killed a two-headed ogre
 11139 | D:8      | Received a gift from Okawaru
 11139 | D:8      | Reached ***** piety under Okawaru
 11328 | D:8      | Noticed Prince Ribbit
 11348 | D:8      | Killed Prince Ribbit
 11348 | D:8      | Received a gift from Okawaru
 11607 | D:9      | Reached skill level 1 in Armour
 11627 | D:9      | Reached XP level 11. HP: 105/111 MP: 15/15
 11728 | D:9      | Received a gift from Okawaru
 11924 | D:9      | Received a gift from Okawaru
 12351 | D:9      | Noticed a wizard
 12366 | D:9      | Killed a wizard
 12931 | D:10     | Entered Level 10 of the Dungeon
 13147 | D:10     | Paralysed by a hornet for 3 turns
 13387 | D:10     | Received a gift from Okawaru
 13800 | D:10     | Noticed a two-headed ogre
 13818 | D:10     | Killed a two-headed ogre
 13818 | D:10     | Received a gift from Okawaru
 13880 | D:10     | Found a staircase to the Lair.
 14135 | D:10     | Reached XP level 12. HP: 107/123 MP: 1/16
 14282 | D:10     | Found Popratoc's Gadget Emporium.
 14301 | D:10     | Bought a condenser vane for 480 gold pieces
 14406 | D:10     | Received a gift from Okawaru
 14407 | D:10     | Reached skill level 10 in Throwing
 15211 | Lair:1   | Entered Level 1 of the Lair of Beasts
 15211 | Lair:1   | Noticed Sonja
 15218 | Lair:1   | Killed Sonja
 15889 | Lair:1   | Noticed a seven-headed hydra
 15905 | Lair:1   | Killed a seven-headed hydra
 15906 | Lair:1   | Reached skill level 5 in Dodging
 16397 | Lair:1   | Noticed a six-headed hydra
 16404 | Lair:1   | Killed a six-headed hydra
 16405 | Lair:1   | Reached skill level 10 in Fighting
 16419 | Lair:1   | Received a gift from Okawaru
 16625 | Lair:1   | Noticed Grum
 16664 | Lair:1   | Killed Grum
 16780 | Lair:2   | Noticed a six-headed hydra
 17119 | Lair:2   | Found a hole to the Spider Nest.
 17124 | Lair:2   | Received a gift from Okawaru
 17125 | Lair:2   | Reached XP level 13. HP: 124/133 MP: 17/17
 17138 | Lair:2   | Reached skill level 11 in Throwing
 17727 | Lair:2   | Reached skill level 10 in Maces & Flails
 18198 | Lair:2   | Reached skill level 5 in Armour
 19402 | Lair:3   | Found a staircase to the Swamp.
 20772 | Lair:4   | Reached skill level 12 in Throwing
 21717 | Lair:5   | Received a gift from Okawaru
 21818 | Lair:5   | Noticed Nessos
 21827 | Lair:5   | Killed Nessos
 22349 | Lair:5   | Received a gift from Okawaru
 22363 | Lair:5   | Identified the +2 hat of Jefuek {Int+7} (Okawaru gifted it
                  | to you on level 5 of the Lair of Beasts)
 22462 | Lair:5   | Reached XP level 14. HP: 115/146 MP: 18/18
 23206 | Lair:6   | Entered Level 6 of the Lair of Beasts
 23428 | Lair:6   | Found a staircase to the Slime Pits.
 23428 | Lair:6   | Found a viscous altar of Jiyva.
 23851 | Lair:6   | Paralysed by a hornet for 3 turns
 24083 | Lair:6   | Reached skill level 10 in Stealth
 25037 | Lair:6   | Reached ****** piety under Okawaru
 25038 | Lair:6   | Reached skill level 13 in Throwing
 25762 | D:11     | Found a staircase to the Orcish Mines.
 25839 | D:11     | Noticed Maurice
 25846 | D:11     | Reached skill level 5 in Invocations
 25855 | D:11     | Killed Maurice
 25855 | D:11     | Received a gift from Okawaru
 26223 | D:11     | Received a gift from Okawaru
 26576 | D:11     | Noticed Harold
 26588 | D:11     | Killed Harold
 27144 | Orc:1    | Entered Level 1 of the Orcish Mines
 27562 | Orc:2    | Entered Level 2 of the Orcish Mines
 27562 | Orc:2    | Found a runed translucent door.
 27703 | Orc:2    | Found the +10 tower shield of Ignorance {rN+ Int-4}
 28172 | Orc:2    | Received a gift from Okawaru
 28494 | Orc:1    | Reached XP level 15. HP: 153/153 MP: 19/19
 28750 | Orc:1    | HP: 2/153 [orc warrior/+0 trident[an orc knight] (19)]
 28751 | Orc:1    | Slain by an orc warrior

Illustrated notes

Levels and vault maps discovered:
D:1:      minmay_arrival_stone_box, layout_basic, kennysheep_flooded_box
D:2:      layout_loops_ring, amethyst_overflow_temple_binary,
          uniq_crazy_yiuf_cottage
D:3:      kennysheep_goblin_castle, layout_loops_cross, portal_sewer_entry_d,
          minmay_shallow_snake_nest
D:4:      layout_layer_cave, uniq_blork_the_orc, uniq_menkaure
D:5:      layout_basic, chequers_temple_overflow_statue_of_worship,
          nicolae_qazlal_style_of_elements
D:6:      layout_basic, st_stairs_9, minmay_liquid_box, uniq_duvessa,
          uniq_eustachio, uniq_sigmund
D:7:      layout_loops_ring, minmay_temple_entry_sparse_star,
          minmay_misc_feat_tiny, st_stairs_9, uniq_pikel
D:8:      layout_layer_cave, enter_ossuary_1, uniq_erica, uniq_maggie,
          uniq_prince_ribbit1
D:9:      cheibrodos_wizards_tower, layout_loops_ring, special_room
          [special_room_kobold]
D:10:     layout_layer_cave, erik_lair_orcish_takeover, serial_rivers,
          chequers_serial_rivers_small_3, chequers_serial_rivers_room_a,
          chequers_serial_rivers_small_3, chequers_serial_rivers_room_a,
          chequers_serial_rivers_room_b, serial_shops, shop_coins
D:11:     layout_loops_ring, orc_0_dummy, minmay_evil_grid, uniq_harold,
          uniq_maurice
Lair:1:   layout_concentric_octagons, minmay_shattered_shrine,
          serial_bayou_shore_b, infiniplex_staircase_pool_2, grunt_megastairs_5,
          uniq_grum, uniq_sonja
Lair:2:   layout_cave_pods, spider_nest_entry_funnel_web
Lair:3:   dpeg_oklob_gauntlet, layout_regular_city, swamp_mist,
          grunt_forest_large_clearing_hut
Lair:4:   layout_gridlike, serial_bayou_pond_e
Lair:5:   layout_cave_pods, infiniplex_staircase_pool, uniq_nessos
Lair:6:   minmay_lair_end_enchanted_forest, layout_loops_ring, slime_altar_1
Orc:1:    layout_caves, serial_shops, nicolae_shop_behind_doors
Orc:2:    st_orc_elflike, layout_diamond_mine, chequers_guarded_unrand_ignorance

Skill      XL: |  1  2  3  4  5  6  7  8  9 10 11 12 13 14 |
---------------+-------------------------------------------+-----
Conjurations   | 4 |  4.0
Spellcasting   | 3 |  3.0
Dodging        | 2 3 4 5 6 |  6.0
Stealth        | 2 3 4 5 6 7 9 10 | 10.8
Throwing       | 1 2 3 4 6 8 9 10 12 13 | 13.0
Maces & Flails | 1 2 3 4 5 6 8 9 10 12 | 12.0
Fighting       | 1 2 3 4 5 6 8 9 10 11 | 11.0
Invocations    | 1 2 3 4 5 |  5.0
Evocations     | 1 2 3 |  3.0
Armour         | 1 3 4 5 |  5.0

Action                   |  1- 3 |  4- 6 |  7- 9 | 10-12 | 13-15 || total
-------------------------+-------+-------+-------+-------+-------++-------
Melee: Mace              |    10 |    21 |    98 |       |       ||   129
       Whip              |       |    14 |    24 |   884 |  1981 ||  2903
       Punch             |       |       |       |     6 |     8 ||    14
Throw: Dart              |       |    14 |    77 |    42 |    45 ||   178
       Stone             |       |    14 |    87 |   302 |   506 ||   909
       Boomerang         |       |       |    13 |       |    24 ||    37
       Large rock        |       |       |       |    15 |    24 ||    39
       Javelin           |       |       |       |     6 |    26 ||    32
 Cast: Magic Dart        |    32 |    80 |     4 |       |       ||   116
       Searing Ray       |     4 |    17 |    39 |    35 |       ||    95
Invok: Heroism           |       |       |     4 |    17 |    13 ||    34
       Finesse           |       |       |       |     1 |     1 ||     2
Evoke: Wand              |       |       |     4 |       |       ||     4
  Use: Scroll            |     6 |     4 |     6 |     9 |    10 ||    35
       Potion            |       |       |       |     1 |     2 ||     3
 Stab: Sleeping          |       |       |     7 |    10 |     1 ||    18
       Distracted        |       |       |       |     1 |       ||     1
Armor: Robe              |     4 |    12 |    52 |    20 |       ||    88
       Acid dragon scale |       |       |       |   181 |    96 ||   277
       Gold dragon scale |       |       |       |       |   709 ||   709
Dodge: Dodged            |     5 |    33 |    78 |   330 |   347 ||   793

Table legend: (Time is in decaauts)
 A = Elapsed time spent in this place.
 B = Non-inter-level travel time spent in this place.
 C = Inter-level travel time spent in this place.
 D = Time resting spent in this place.
 E = Time spent auto-exploring this place.
 F = Levels seen in this place.
 G = Mean time per level.
                   A        B        C        D        E       F      G
               +--------+--------+--------+--------+--------+-----+--------+
         Total |  27375 |  25614 |   1761 |    523 |  20055 |  21 | 1303.6 |
       Dungeon |  15728 |  14556 |   1172 |    182 |  11902 |  11 | 1429.8 |
          Lair |   9553 |   8991 |    562 |    341 |   6782 |   6 | 1592.2 |
  Orcish Mines |   1365 |   1338 |     27 |      0 |    855 |   2 |  682.5 |
         Sewer |    237 |    237 |      0 |      0 |    179 |   1 |  237.0 |
       Ossuary |    489 |    489 |      0 |      0 |    337 |   1 |  489.0 |
               +--------+--------+--------+--------+--------+-----+--------+

Top non-repeatable levels by time:
    D:10: 2222 daAuts
     D:3: 1987 daAuts
  Lair:2: 1949 daAuts
  Lair:6: 1895 daAuts
  Lair:5: 1751 daAuts
     D:4: 1506 daAuts
  Lair:1: 1489 daAuts
     D:8: 1437 daAuts
     D:9: 1398 daAuts
  Lair:3: 1392 daAuts
    D:11: 1380 daAuts
     D:7: 1318 daAuts
     D:2: 1274 daAuts
     D:6: 1179 daAuts
     D:5: 1075 daAuts
